 Dungeon Crawl Stone Soup version 0.26-a0-652-gafc20e3620 (webtiles) character file.

Game seed: 241006640578159141

2995 Kraken2834 the Protected (level 9, -1/83 HPs)
             Began as a Minotaur Berserker on Oct 1, 2020.
             Was an Elder of Trog.
             Slain by a two-headed ogre
             ... wielding a +0 giant spiked club
              (4 damage)
             ... on level 8 of the Dungeon.
             The game lasted 00:27:54 (9181 turns).

Kraken2834 the Protected (Minotaur Berserker)       Turns: 9181, Time: 00:27:54

Health: -1/83      AC: 12    Str: 25    XL:     9   Next: 54%
Magic:  6/17       EV:  9    Int:  4    God:    Trog [****..]
Gold:   520        SH:  0    Dex: 10    Spells: 8/8 levels left

rFire    . . .     SeeInvis +   a - +1 mace
rCold    . . .     Faith    .   (no shield)
rNeg     . . .     Spirit   .   p - +1 chain mail {MR+}
rPois    .         Reflect  .   (helmet restricted)
rElec    .         Harm     .   (no cloak)
rCorr    .         Rampage  .   (no gloves)
MR       +....                  (no boots)
Stlth    ..........             (no amulet)
HPRegen  0.23/turn              m - ring of magical power
MPRegen  0.15/turn              y - ring of see invisible

@: lethally poisoned (-1 -> -2), about to teleport, berserk cooldown, slowed,
very slow
A: retaliatory headbutt, horns 2
a: Berserk, Trog's Hand, Brothers in Arms, Renounce Religion


You were on level 8 of the Dungeon.
You worshipped Trog.
Trog was greatly pleased with you.
You visited 1 branch of the dungeon, and saw 8 of its levels.

You collected 520 gold pieces.

Inventory:

Hand Weapons
 a - a +1 mace (weapon)
Armour
 p - a +1 chain mail of magic resistance (worn)
Jewellery
 m - a ring of magical power (left hand)
 y - a ring of see invisible (right hand)
 z - an uncursed ring of attention
Wands
 t - a wand of iceblast (3)
 x - a wand of disintegration (4)
 A - a wand of random effects (14)
Scrolls
 e - 13 scrolls of identify
 f - a scroll of immolation
 g - 6 scrolls of remove curse
 h - a scroll of random uselessness
 k - a scroll of magic mapping {unknown}
 l - a scroll of teleportation
 n - 3 scrolls of enchant weapon
 q - a scroll of enchant armour {unknown}
 r - 2 scrolls of amnesia
 u - a scroll of blinking {unknown}
Potions
 b - a potion of lignification {unknown}
 c - a potion of ambrosia {unknown}
 d - 2 potions of degeneration {unknown}
 i - 3 potions of mutation {unknown}
 j - a potion of invisibility {unknown}
 o - 4 potions of heal wounds {unknown}
 s - 3 potions of magic {unknown}
 v - a potion of haste {unknown}
 w - a potion of stabbing {unknown}
 B - a potion of brilliance {unknown}


   Skills:
 * Level 9.2 Fighting
 + Level 9.4 Maces & Flails
 * Level 10.2 Armour
 - Level 2.1 Dodging
 - Level 1.7 Stealth


You had 8 spell levels left.
You didn't know any spells.
Your spell library contained the following spells:

 Spells                   Type           Power        Failure   Level
 Freeze                   Ice            #...         96%         1
 Frozen Ramparts          Ice            #.....       100%        3
 Ozocubu's Armour         Ice            #.......     100%        3
 Hailstorm                Conj/Ice       #.......     100%        4
 Summon Ice Beast         Ice/Summ       #.......     100%        4


Dungeon Overview and Level Annotations

Branches:
Dungeon (8/15)             Temple (0/1) D:5
   Lair: D:8-11

Altars:
Ru
Uskayaw
Vehumet
Wu Jian


Innate Abilities, Weirdness & Mutations

You reflexively headbutt those who attack you in melee.
You have a pair of horns on your head.


Message History

The eye of draining gazes at you.
You feel your power leaking away.
You feel sick. The two-headed ogre misses you.
The two-headed ogre hits you with a +2 dire flail of protection.
You feel sick.
The two-headed ogre hits you with a +0 giant spiked club.
The two-headed ogre hits you with a +2 dire flail of protection!
You feel sick.
You feel sick.
The two-headed ogre hits you with a +0 giant spiked club!
* * * LOW HITPOINT WARNING * * *
The two-headed ogre completely misses you.
You feel sick.
The two-headed ogre hits you with a +0 giant spiked club!
* * * LOW HITPOINT WARNING * * *
The two-headed ogre hits you but does no damage.
As you read the scroll of teleportation, it crumbles to dust.
You feel strangely unstable. The two-headed ogre barely misses you.
The two-headed ogre hits you with a +2 dire flail of protection.
You die...

....#####....#
###...#......#
###.#.###.##
#....##.#
##.#.##.#
#.#.##.######
#.#.##......#
#.#.#######.#
#.#.# #@#
#.#.# #O# #.#
#c# #.#######
###.......#
#...#..##..#
#.####....
#..(# ..#...
###c##......


You could see a two-headed ogre and a centaur.

Vanquished Creatures
  The ghost of drag the Chopper, an amateur MiBe of Trog (D:3)
  5 orc warriors
  A sky beast (D:6)
  An ice beast (D:8)
  A phantom (D:7)
  An ogre (D:6)
  2 centaurs
  A big kobold (D:7)
  A bullfrog (D:6)
  2 gnoll sergeants (D:6)
  2 scorpions
  4 killer bees (D:7)
  A wight (D:6)
  2 howler monkeys
  3 bullfrog zombies
  2 hounds
  A gnoll shaman (D:5)
  4 orc priests
  2 bullfrog skeletons
  7 orc wizards
  2 centaur skeletons
  An iguana (D:6)
  Natasha (twice) (D:3)
  3 worker ants
  A killer bee zombie (D:6)
  3 hound zombies
  2 howler monkey zombies
  12 gnolls
  5 adders
  2 shadow imps (D:5)
  A white imp (D:7)
  2 ufetubi
  An ooze (D:2)
  2 adder skeletons (D:4)
  A worm (D:3)
  2 dart slugs
  6 leopard geckos
  39 orcs
  4 ball pythons
  9 giant cockroaches
  6 hobgoblins
  11 jackals
  14 kobolds
  6 bats
  5 frilled lizards
  5 goblins
  2 jackal skeletons
  5 rats
198 creatures vanquished.

Notes
Turn   | Place    | Note
-------+----------+-------------------------------------------
     0 | D:1      | Kraken2834 the Minotaur Berserker began the quest for the
                  | Orb.
     0 | D:1      | Reached XP level 1. HP: 19/19 MP: 0/0
     2 | D:1      | Noticed a troll
     6 | D:1      | Noticed a draconian
     6 | D:1      | Noticed a vampire
     8 | D:1      | Noticed an octopode
     8 | D:1      | Noticed a merfolk
    10 | D:1      | Noticed a demonspawn
    10 | D:1      | Noticed an elf
    12 | D:1      | Noticed a naga
    12 | D:1      | Noticed a human
    14 | D:1      | Noticed a halfling
    14 | D:1      | Noticed a minotaur
    16 | D:1      | Noticed a centaur
    18 | D:1      | Noticed a vine stalker
    18 | D:1      | Noticed a ghoul
    20 | D:1      | Noticed a demigod
    20 | D:1      | Noticed a felid
    22 | D:1      | Noticed a dwarf
    22 | D:1      | Noticed an ogre
    24 | D:1      | Noticed a gargoyle
    24 | D:1      | Noticed a spriggan
    26 | D:1      | Noticed a tengu
    26 | D:1      | Noticed a formicid
    99 | D:1      | Reached XP level 2. HP: 27/27 MP: 1/1
   137 | D:1      | HP: 1/40 [gnoll/+0 spear (6)]
   142 | D:1      | HP: 1/40 [hobgoblin (1)]
   543 | D:1      | Reached XP level 3. HP: 32/34 MP: 2/2
  2030 | D:2      | Found a sacrificial altar of Ru.
  2306 | D:2      | Reached ** piety under Trog
  2601 | D:3      | Found a hide-covered altar of Uskayaw.
  2608 | D:3      | Reached XP level 4. HP: 41/41 MP: 3/3
  2646 | D:3      | Reached skill level 5 in Maces & Flails
  2835 | D:3      | Reached skill level 5 in Fighting
  3008 | D:3      | Found a runed translucent gate.
  3008 | D:3      | Found a runed translucent gate.
  3009 | D:3      | Found a runed translucent gate.
  3013 | D:3      | Noticed drag's ghost (amateur MiBe)
  3028 | D:3      | Killed drag's ghost
  3028 | D:3      | Reached skill level 1 in Stealth
  3028 | D:3      | Reached XP level 5. HP: 45/48 MP: 4/4
  3028 | D:3      | Reached XP level 6. HP: 53/56 MP: 5/5
  3216 | D:3      | Noticed Natasha
  3223 | D:3      | Killed Natasha
  3405 | D:3      | Reached skill level 3 in Armour
  3838 | D:3      | Noticed Natasha
  3843 | D:3      | Killed Natasha
  4268 | D:4      | Reached XP level 7. HP: 63/63 MP: 6/6
  4823 | D:4      | Reached skill level 4 in Armour
  5058 | D:4      | Reached *** piety under Trog
  5071 | D:4      | Found an ornate altar of the Wu Jian Council.
  5120 | D:4      | Found a radiant altar of Vehumet.
  5196 | D:5      | Entered Level 5 of the Dungeon
  5231 | D:5      | Found a staircase to the Ecumenical Temple.
  6035 | D:6      | Reached skill level 5 in Armour
  6080 | D:6      | Reached **** piety under Trog
  6189 | D:6      | Reached XP level 8. HP: 43/73 MP: 7/7
  6593 | D:6      | Reached skill level 6 in Armour
  6886 | D:6      | HP: 3/74 [gnoll sergeant/+0 trident (1)]
  6901 | D:6      | Reached skill level 7 in Armour
  7358 | D:6      | Reached skill level 8 in Armour
  7957 | D:7      | Reached XP level 9. HP: 82/82 MP: 8/8
  8352 | D:7      | Reached skill level 9 in Armour
  9154 | D:8      | Reached skill level 10 in Armour
  9155 | D:8      | Noticed a two-headed ogre
  9180 | D:8      | HP: 3/83 [two-headed ogre/+0 giant spiked club (15)]
  9181 | D:8      | Slain by a two-headed ogre

Illustrated notes

Levels and vault maps discovered:
D:1:      kb_arrival_jail, layout_loops_ring
D:2:      layout_loops_corners, nicolae_ru_sacrificial_ziggurat
D:3:      layout_basic, lemuel_crystal_altar, gammafunk_ghost_necromancy,
          uniq_natasha
D:4:      layout_rooms, minitemple, serial_glass, glass_columns_b,
          glass_columns_a, glass_columns_b, glass_columns_c
D:5:      layout_loops_cross, minmay_temple_entry_offerings
D:6:      layout_layer_cave, sword_in_stone
D:7:      layout_gridville, kennysheep_flooded_box,
          chequers_serial_rivers_small_b
D:8:      layout_loops_ring, yredelemnul_forgotten_temple_becter,
          minmay_fractal_squares_5, uniq_harold

Skill      XL: |  1  2  3  4  5  6  7  8  9 |
---------------+----------------------------+-----
Fighting       | 4 5 6 7 8 9 |  9.2
Maces & Flails | 4 6 7 8 9 |  9.4
Stealth        | 1 |  1.7
Armour         | 3 5 8 10 | 10.2
Dodging        | |  2.1

Action                   |  1- 3 |  4- 6 |  7- 9 || total
-------------------------+-------+-------+-------++-------
Melee: Mace              |    86 |    96 |   361 ||   543
       Headbutt          |     9 |    18 |    67 ||    94
Invok: Berserk           |     1 |     1 |     8 ||    10
       Trog's Hand       |       |       |     2 ||     2
  Use: Scroll            |       |       |     8 ||     8
 Stab: Sleeping          |     2 |       |       ||     2
Armor: Animal skin       |    17 |     6 |       ||    23
       Chain mail        |       |    17 |   183 ||   200
Dodge: Dodged            |    56 |    45 |   171 ||   272

Table legend: (Time is in decaauts)
 A = Elapsed time spent in this place.
 B = Non-inter-level travel time spent in this place.
 C = Inter-level travel time spent in this place.
 D = Time resting spent in this place.
 E = Time spent auto-exploring this place.
 F = Levels seen in this place.
 G = Mean time per level.
                   A        B        C        D        E       F      G
               +--------+--------+--------+--------+--------+-----+--------+
         Total |   9267 |   8870 |    397 |   1369 |   6161 |   8 | 1158.4 |
       Dungeon |   9267 |   8870 |    397 |   1369 |   6161 |   8 | 1158.4 |
               +--------+--------+--------+--------+--------+-----+--------+

Top non-repeatable levels by time:
     D:6: 1846 daAuts
     D:3: 1569 daAuts
     D:1: 1366 daAuts
     D:2: 1233 daAuts
     D:4: 1174 daAuts
     D:7: 1132 daAuts
     D:5: 814 daAuts
     D:8: 130 daAuts
